 Dungeon Crawl Stone Soup version 0.25-a0-589-g1e14c549ee (webtiles) character file.

Game seed: 11371812129726101495, levelgen mode: deterministic

7425 Gynju the Distorting Demonspawn (level 10, -7/83 HPs)
             Began as a Demonspawn Abyssal Knight on Mar 12, 2020.
             Was a Believer of Lugonu.
             Mangled by a spiny frog (17 damage)
             ... on level 3 of the Lair of Beasts.
             The game lasted 00:27:46 (14296 turns).

Gynju the Distorting Demonspawn (DsAK)             Turns: 14296, Time: 00:27:47

Health: -7/83      AC: 11    Str: 16    XL:     10   Next: 93%
Magic:  0/18       EV: 11    Int: 13    God:    Lugonu [**....]
Gold:   492        SH:  0    Dex: 13    Spells: 8/9 levels left

rFire    . . .     SeeInvis .   a - +0 war axe
rCold    . . .     Gourm    .   (no shield)
rNeg     . . .     Faith    .   x - +2 leather armour {MR+}
rPois    +         Spirit   +   k - +0 helmet
rElec    .         Reflect  .   n - +0 cloak
rCorr    .         Harm     .   z - +1 pair of gloves
MR       +....                  (no boots)
Stlth    +.........             (no amulet)
HPRegen  0.23/turn              j - ring of poison resistance
MPRegen  0.16/turn              (no ring)

@: heavily drained
A: talons 2, molten scales 1, magic shield
a: Depart the Abyss, Bend Space, Renounce Religion


You were on level 3 of the Lair of Beasts.
You worshipped Lugonu.
Lugonu was pleased with you.
You were hungry.

You visited 2 branches of the dungeon, and saw 12 of its levels.
You visited the Abyss 1 time.

You collected 492 gold pieces.

Inventory:

Hand Weapons
 a - a +0 war axe (weapon)
 b - a +3 hunting sling
 g - a +2 hand axe
Missiles
 A - 20 stones
 G - 7 curare-tipped darts (quivered)
Armour
 k - a +0 helmet (worn)
 n - a +0 cloak (worn)
 o - a +0 chain mail
 x - a +2 leather armour of magic resistance (worn)
 z - a +1 pair of gloves (worn)
Jewellery
 j - a ring of poison resistance (left hand)
Wands
 u - a wand of random effects (17)
 y - a wand of flame (21)
Scrolls
 e - 4 scrolls of remove curse {@r2}
 h - 9 scrolls of teleportation
 i - a scroll of amnesia
 r - a scroll of magic mapping {unknown}
 s - a scroll of summoning {unknown}
 w - a scroll of enchant armour
 B - a scroll of identify {@r1}
 D - a scroll of random uselessness {unknown}
 F - 2 scrolls of blinking
Potions
 d - a potion of degeneration {unknown}
 f - 3 potions of stabbing
 l - 3 potions of haste {unknown}
 m - 2 potions of lignification
 p - 4 potions of curing {@q1}
 q - a potion of brilliance {unknown}
 t - 3 potions of mutation
 C - a potion of berserk rage {unknown}
Miscellaneous
 E - a lightning rod (1/4)
Comestibles
 c - 15 rations


   Skills:
 - Level 9.6(6.7) Fighting
 + Level 9.1(6.2) Axes
 + Level 5.1(2.5) Armour
 - Level 0.8(0.0) Dodging
 + Level 0.0 Ice Magic
 - Level 10.9(7.8) Invocations
 + Level 3.4(0.9) Evocations


You had 8 spell levels left.
You knew the following spells:

 Your Spells              Type           Power        Failure   Level  Hunger
a - Freeze                Ice            #...         36%         1    ##.....

Your spell library contained the following spells:

 Spells                   Type           Power        Failure   Level  Hunger
 Frozen Ramparts          Ice            #.....       73%         3    ####...
 Ozocubu's Armour         Chrm/Ice       #.......     73%         3    ####...
 Hailstorm                Conj/Ice       #.......     98%         4    #####..
 Summon Ice Beast         Ice/Summ       #.......     98%         4    #####..


Dungeon Overview and Level Annotations

Branches:
Dungeon (9/15)             Temple (0/1) D:7            Lair (3/6) D:8
  Swamp: Lair:2-4    Shoals: Lair:2-4     Snake: Lair:2-4    Spider: Lair:2-4
    Orc: D:9-12

Altars:
Elyvilon
Fedhas
Hepliaklqana
Kikubaaqudgha
Okawaru
Qazlal
Ru
Trog
Xom
The Shining One

Annotations:
Lair:1 3 runed translucent doors, Xuokyil's ghost, journeyman GnBe
Lair:3 exclusion: 2 oklob plants, Rupert
Abyss:1 Dowan, Duvessa, Erica, Prince Ribbit


Innate Abilities, Weirdness & Mutations

You have razor-sharp toenails.
You are partially covered in molten scales. (AC +2)
When hurt, damage is shared between your health and your magic reserves.


Message History

You hear a shout!
A spiny frog and a wyvern come into view.
The wyvern hisses angrily.
The spiny frog gives a loud, deep croak!
The wyvern hisses menacingly.
The wyvern moves out of view.
The spiny frog closely misses you. The wyvern bites you.
The wyvern bites you but does no damage.
The spiny frog stings you!
* * * LOW HITPOINT WARNING * * *
The spiny frog barely misses you. The wyvern bites you.
* * * LOW HITPOINT WARNING * * *
The wyvern completely misses you. The wyvern bites you!
* * * LOW HITPOINT WARNING * * *
There is an open door here.
The spiny frog stings you but does no damage.
The spiny frog stings you!!
You die...

#.$ #.......#
#...
#.......#
#..##
#.#.#'#.#
#$..
####...##
##D## ##..#
#.l## #.F.#
##@## #.##
#.P# ###.###
#.#...#
##...##
##...#####
###..'##.#.##
#...........#


You could see an eight-headed hydra, a spiny frog and a wyvern.

Vanquished Creatures
  Sonja (Lair:2)
  A spiny frog (Lair:2)
  A rime drake (Lair:2)
  2 hippogriffs
  3 blink frogs (Lair:2)
  6 yaks
  A water moccasin (D:7)
  5 porcupines (Lair:2)
  An orc warrior (D:8)
  An ice beast (D:8)
  A sky beast (D:7)
  A phantom (D:6)
  An ogre (D:8)
  A crocodile (Lair:2)
  7 bullfrogs
  A scorpion (D:6)
  3 howler monkeys
  3 crimson imps
  3 hounds
  4 orc priests
  A centaur zombie (D:7)
  A jelly (D:5)
  Crazy Yiuf (D:7)
  A bullfrog skeleton (D:7)
  3 orc wizards
  4 iguanas
  2 worker ants
  2 hound skeletons
  Robin (D:1)
  6 adders
  A shadow imp (D:5)
  An ooze (D:3)
  An adder skeleton (D:9)
  2 adder zombies (D:6)
  2 worms
  5 dart slugs
  4 leopard geckos
  31 orcs
  2 giant cockroaches
  15 goblins
  19 hobgoblins
  7 jackals
  3 quokkas
  2 ball pythons
  6 bats
  6 frilled lizards
  14 kobolds
  A leopard gecko zombie (D:6)
  A quokka zombie (D:7)
  6 rats
198 creatures vanquished.

Vanquished Creatures (others)
  A hydra (Lair:1)
  A two-headed ogre (D:8)
  2 spiny frogs (Lair:1)
  A komodo dragon (Lair:1)
  A basilisk (Lair:2)
  4 orc warriors
  An orc priest (D:8)
  A worker ant (D:8)
  4 fungi (Lair:2)
  2 plants (Lair:3)
18 creatures vanquished.

Grand Total: 216 creatures vanquished

Notes
Turn   | Place    | Note
-------+----------+-------------------------------------------
     0 | Abyss:1  | Gynju the Demonspawn Abyssal Knight began the quest for the
                  | Orb.
     0 | Abyss:1  | Reached XP level 1. HP: 18/18 MP: 2/2
     1 | Abyss:1  | Found a corrupted altar of Lugonu.
    44 | Abyss:1  | Noticed a neqoxec
    51 | D:1      | Escaped the Abyss
   492 | D:1      | Gained mutation: You are partially covered in molten
                  | scales. (AC +2) [demonic ancestry]
   492 | D:1      | Reached XP level 2. HP: 24/24 MP: 4/4
   622 | D:1      | Reached skill level 3 in Invocations
   849 | D:1      | Found an ancient bone altar of Kikubaaqudgha.
   851 | D:1      | Found a shimmering altar of Xom.
   851 | D:1      | Found a white marble altar of Elyvilon.
   853 | D:1      | Found a hazy altar of Hepliaklqana.
   853 | D:1      | Found a bloodstained altar of Trog.
   853 | D:1      | Found a glowing golden altar of the Shining One.
  1199 | D:2      | Reached XP level 3. HP: 26/29 MP: 5/5
  1247 | D:2      | Noticed Robin
  1253 | D:2      | Reached ** piety under Lugonu
  1474 | D:1      | Killed Robin
  1791 | D:2      | Reached XP level 4. HP: 29/37 MP: 6/6
  2255 | D:2      | Found an iron altar of Okawaru.
  2278 | D:2      | Reached skill level 4 in Invocations
  2842 | D:3      | Reached *** piety under Lugonu
  2909 | D:3      | Gained mutation: You have sharp toenails. [demonic
                  | ancestry]
  2909 | D:3      | Reached XP level 5. HP: 42/42 MP: 8/8
  3425 | D:3      | Reached skill level 5 in Invocations
  3802 | D:4      | Reached XP level 6. HP: 49/49 MP: 9/9
  4409 | D:5      | Entered Level 5 of the Dungeon
  4669 | D:5      | Noticed Prince Ribbit
  4684 | D:5      | Reached skill level 5 in Fighting
  4693 | D:5      | Banished Prince Ribbit
  4693 | D:5      | Reached skill level 6 in Invocations
  4695 | D:5      | Reached XP level 7. HP: 16/56 MP: 6/11
  4735 | D:5      | Noticed Duvessa
  4736 | D:5      | Banished Duvessa
  4748 | D:5      | Noticed Dowan
  4750 | D:5      | Banished Dowan
  5463 | D:6      | Found an ancient bone altar of Kikubaaqudgha.
  5732 | D:6      | Reached skill level 7 in Invocations
  6192 | D:6      | Reached skill level 5 in Axes
  6281 | D:6      | Gained mutation: When hurt, damage is shared between your
                  | health and your magic reserves. [demonic ancestry]
  6281 | D:6      | Reached XP level 8. HP: 38/64 MP: 13/13
  7114 | D:7      | Reached skill level 8 in Invocations
  7403 | D:7      | Reached **** piety under Lugonu
  7628 | D:7      | Found a sacrificial altar of Ru.
  7753 | D:7      | Found a staircase to the Ecumenical Temple.
  8011 | D:7      | Found a runed translucent door.
  8012 | D:7      | Noticed Crazy Yiuf
  8134 | D:7      | Killed Crazy Yiuf
  8467 | D:8      | Noticed a two-headed ogre
  8468 | D:8      | Banished a two-headed ogre
  8468 | D:8      | Reached skill level 9 in Invocations
  8468 | D:8      | Gained mutation: You have razor-sharp toenails. [demonic
                  | ancestry]
  8468 | D:8      | Reached XP level 9. HP: 72/72 MP: 15/15
  8499 | D:8      | Found a stormy altar of Qazlal.
  8501 | D:8      | Found a blossoming altar of Fedhas.
  8936 | D:8      | Found a staircase to the Lair.
  9051 | D:8      | Noticed Erica
  9054 | D:8      | Banished Erica
  9176 | D:8      | Reached skill level 10 in Invocations
  9772 | Lair:1   | Entered Level 1 of the Lair of Beasts
 10041 | Lair:1   | Noticed an eight-headed hydra
 10042 | Lair:1   | Noticed a spiny frog
 10043 | Lair:1   | Banished an eight-headed hydra
 10044 | Lair:1   | Banished a spiny frog
 10046 | Lair:1   | Noticed a spiny frog
 10048 | Lair:1   | Banished a spiny frog
 10140 | Lair:1   | Found a runed translucent gate.
 10140 | Lair:1   | Found a runed translucent gate.
 10140 | Lair:1   | Found a runed translucent gate.
 10618 | Lair:1   | Noticed a komodo dragon
 10623 | Lair:1   | Banished a komodo dragon
 11164 | Lair:1   | Noticed Xuokyil's ghost (journeyman GnBe)
 11222 | Lair:2   | Reached XP level 10. HP: 54/83 MP: 10/18
 11373 | Lair:2   | Noticed a spiny frog
 11391 | Lair:2   | Killed a spiny frog
 11701 | Lair:1   | HP: 4/83 [yak (4)]
 12879 | Lair:2   | Noticed Sonja
 12920 | Lair:2   | Killed Sonja
 13733 | Lair:2   | Reached skill level 5 in Armour
 14121 | Lair:2   | Learned a level 1 spell: Freeze
 14228 | Lair:3   | Noticed Rupert
 14246 | Lair:3   | HP: 2/83 [something (10)]
 14250 | Lair:3   | Noticed an eight-headed hydra
 14251 | Lair:3   | Noticed an oklob plant
 14251 | Lair:3   | Noticed an oklob plant
 14275 | Lair:3   | Noticed a spiny frog
 14296 | Lair:3   | Mangled by a spiny frog

Levels and vault maps discovered:
D:1:      dpeg_arrival_shrine, layout_loops_corners, serial_bayou_pond_b,
          doesnt_xom_only_xom
D:2:      layout_loops_ring, first_ration, okawaru_altar_gauntlet_db, uniq_robin
D:3:      layout_basic, nrook_mini_vaults, kennysheep_generic_room_11
D:4:      layout_basic, grunt_decor_cap, grunt_decor_fettered,
          kennysheep_flooded_box
D:5:      kennysheep_big_flooded_room, layout_loops_ring,
          minmay_misc_feat_plants, minivault_26, uniq_prince_ribbit1,
          uniq_duvessa
D:6:      layout_loops_ring, kiku_gazebo_pond_becter,
          nicolae_ossuary_entry_plus, chequers_serial_rivers_marsh,
          solitary_fountain
D:7:      layout_loops_ring, nicolae_overflow_crystal_walls, temple_statues,
          uniq_crazy_yiuf_cottage
D:8:      layout_basic, grunt_temple_overflow_forces_of_nature,
          lair_entry_dummy, uniq_erica
D:9:      cheibrodos_elevator_heist, layout_irregular_city,
          nicolae_overflow_quartered_altars, nicolae_overflow_hidden_temple
Lair:1:   layout_regular_city, gammafunk_ghost_ooze, st_stairs_13
Lair:2:   layout_roguey, grunt_megastairs_1, serial_bayou_shore_b, uniq_sonja
Lair:3:   layout_roguey, elwin_shoals_entry_rocks, minmay_lair_oklob_chamber,
          uniq_rupert

Skill      XL: |  1  2  3  4  5  6  7  8  9 10 |
---------------+-------------------------------+-----
Axes           | 2 3 4 5 6 7 9 |  9.1
Invocations    | 3 4 5 6 7 9 10 | 10.9
Fighting       | 4 5 6 7 9 |  9.6
Armour         | 2 5 |  5.1
Evocations     | 3 |  3.4
Dodging        | |  0.8

Action                   |  1- 3 |  4- 6 |  7- 9 | 10-12 || total
-------------------------+-------+-------+-------+-------++-------
Melee: Hand axe          |   118 |   334 |   436 |       ||   888
       Kick              |       |    46 |   122 |    59 ||   227
       War axe           |       |       |    16 |   174 ||   190
Invok: Banish            |       |     1 |    16 |     1 ||    18
Evoke: Wand              |       |       |       |     8 ||     8
       Lightning rod     |       |       |       |     4 ||     4
  Use: Scroll            |       |       |    13 |     3 ||    16
       Potion            |       |       |       |     6 ||     6
 Stab: Sleeping          |     1 |       |       |     1 ||     2
  Eat: Chunk             |     3 |     8 |    19 |     8 ||    38
       Ration            |       |       |     2 |     1 ||     3
Armor: Leather armour    |    28 |       |    27 |    82 ||   137
       Ring mail         |    19 |    69 |       |       ||    88
       Chain mail        |       |   154 |   216 |       ||   370
Dodge: Dodged            |    56 |   182 |   147 |    98 ||   483

Table legend:
 A = Non-vault XP
 B = Vault XP
 C = Vault XP percentage of total XP
 D = Non-vault monster count
 E = Vault monster count
 F = Vault count percentage of total count
                 A         B        C        D         E       F
            +---------+---------+-------+---------+---------+-------
      Total |    8784 |    1824 |  17.2 |     184 |      30 |  14.0
            +---------+---------+-------+---------+---------+-------
        D:1 |      34 |      25 |  42.4 |      18 |       7 |  28.0
        D:2 |      58 |      25 |  30.1 |      23 |      14 |  37.8
        D:3 |     198 |       4 |   2.0 |      40 |       2 |   4.8
        D:4 |     133 |       0 |   0.0 |       6 |       0 |   0.0
        D:5 |     275 |     243 |  46.9 |      10 |       3 |  23.1
        D:6 |     749 |       0 |   0.0 |      23 |       0 |   0.0
        D:7 |     533 |      41 |   7.1 |      16 |       1 |   5.9
        D:8 |    1287 |     475 |  27.0 |      19 |       1 |   5.0
        D:9 |       5 |       0 |   0.0 |       1 |       0 |   0.0
     Lair:1 |    1334 |     191 |  12.5 |       5 |       1 |  16.7
     Lair:2 |    4178 |     820 |  16.4 |      23 |       1 |   4.2
            +---------+---------+-------+---------+---------+-------
